 Dungeon Crawl Stone Soup version 0.28.0-1-gb440e238dd (webtiles) character file.

Game seed: 5205387737108819965

142 browni3141 the Gusty (level 5, -5/37 HPs)
             Began as a Gnoll Air Elementalist on Feb 19, 2022.
             Slain by Crazy Yiuf (8 damage)
             ... on level 2 of the Dungeon.
             The game lasted 00:02:18 (2659 turns).

browni3141 the Gusty (Gnoll Air Elementalist)       Turns: 2659, Time: 00:02:19

Health: -5/37      AC:  2    Str: 13    XL:     5   Next: 25%
Magic:  0/12       EV: 13    Int: 17    God:
Gold:   97         SH:  0    Dex: 12    Spells: 8/14 levels left

rFire   . . .      SeeInvis .     - Unarmed
rCold   . . .      Faith    .   (no shield)
rNeg    . . .      Spirit   .   a - +0 robe
rPois   .          Reflect  .   (no helmet)
rElec   .          Harm     .   (no cloak)
rCorr   .          Rampage  .   (no gloves)
Will    .....                   (no boots)
Stlth   +++.......              (no amulet)
HPRegen 0.12/turn               S - +6 ring of strength
MPRegen 0.13/turn               (no ring)

@: no status effects
A: fangs 1, strong nose, distributed training
a: no special abilities


You were on level 2 of the Dungeon.
You visited 1 branch of the dungeon, and saw 2 of its levels.

You collected 97 gold pieces.


Innate Abilities, Weirdness & Mutations

You have very sharp teeth.
Your uncanny sense of smell can sniff out nearby items.
Your experience applies equally to all skills.


   Skills:
 + Level 1.4 Fighting
 + Level 1.4 Short Blades
 + Level 1.4 Long Blades
 + Level 1.4 Axes
 + Level 1.4 Maces & Flails
 + Level 1.4 Polearms
 + Level 1.4 Staves
 + Level 1.4 Slings
 + Level 1.4 Bows
 + Level 1.4 Crossbows
 + Level 1.4 Throwing
 + Level 1.4 Armour
 + Level 4.7 Dodging
 + Level 4.4 Stealth
 + Level 1.4 Shields
 + Level 1.4 Unarmed Combat
 + Level 5.2 Spellcasting
 + Level 2.3 Conjurations
 + Level 1.1 Hexes
 + Level 1.1 Summonings
 + Level 1.1 Necromancy
 + Level 1.1 Translocations
 + Level 1.1 Transmutations
 + Level 1.1 Fire Magic
 + Level 1.1 Ice Magic
 + Level 5.5 Air Magic
 + Level 1.1 Earth Magic
 + Level 1.1 Poison Magic
 + Level 1.6 Invocations
 + Level 1.4 Evocations


You had 8 spell levels left.
You knew the following spells:

 Your Spells              Type           Power      Damage    Failure   Level
i - Swiftness             Air            23%        N/A       4%          3
t - Static Discharge      Conj/Air       17%        N/A       4%          2
z - Shock                 Conj/Air       68%        1d7       2%          1

Your spell library contained the following spells:

 Spells                   Type           Power      Damage    Failure   Level
 Ensorcelled Hibernation  Hex/Ice        16%        N/A       13%         2
 Passwall                 Tmut/Erth      6%         N/A       13%         2
 Airstrike                Air            11%        N/A       14%         4

Inventory:

Armour
 a - a +0 robe (worn)
 d - a +0 chain mail
Jewellery
 S - a +6 ring of strength (left hand)
Scrolls
 c - a scroll of noise {unknown}
 e - a scroll of enchant armour {unknown}
 g - 3 scrolls of identify {unknown}
Potions
 b - 3 potions of mutation {unknown}
 f - a potion of heal wounds {@q2}
 h - a potion of invisibility {unknown}
 i - a potion of curing {unknown}
 j - 2 potions of lignification {unknown}

Dungeon Overview and Level Annotations

Branches:
Dungeon (2/15)

Altars:

Annotations:
D:2 Crazy Yiuf #.########.# #.# ### #.# ###### #.# #....# ¦¦¦¦¦ #.# #.#### ¦..)¦ #.# #.# ¦...¦ #.# #.# ... ###.# #.# ¦g¦

....###.#### ##@#
###........# #.##
#####.#### ##.#
#######.# #.##
........## ##.##
...#.....# #...##
#####....### #....#
###........# #....#
#.###...##.###....#


You could see Crazy Yiuf.


Message History

Casting: Static Discharge (safe; 4% risk of failure)
Confirm with . or Enter, or press ? or * to list all spells.
Crazy Yiuf is struck by an arc of lightning.
Crazy Yiuf is moderately wounded.
The lightning grounds out.
Crazy Yiuf whimpers, "Trifle!
Sif Muna alas hand."
Crazy Yiuf hits you with a +4 quarterstaff of chaos!
Casting: Static Discharge (safe; 4% risk of failure)
Confirm with . or Enter, or press ? or * to list all spells.
Crazy Yiuf is struck by an arc of lightning!
Crazy Yiuf is severely wounded.
You are struck by an arc of lightning.
* * * LOW HITPOINT WARNING * * *
The lightning grounds out.
Crazy Yiuf hits you with a +4 quarterstaff of chaos!
* * * LOW HITPOINT WARNING * * *
Space warps around you.
* * * LOW HITPOINT WARNING * * *
Press: ? - help, v - describe, . - travel
Here: Crazy Yiuf, wielding a +4 quarterstaff of chaos and wearing a +0 cloak (severely wounded)
An open translucent door.
Casting: Static Discharge (safe; 4% risk of failure)
Confirm with . or Enter, or press ? or * to list all spells.
Crazy Yiuf is struck by an arc of lightning.
Crazy Yiuf is severely wounded.
You are struck by an arc of lightning.
* * * LOW HITPOINT WARNING * * *
The lightning grounds out.
Crazy Yiuf hits you with a +4 quarterstaff of chaos!
You die...

Skill      XL: |  1  2  3  4 |
---------------+-------------+-----
Conjurations   | 2 |  2.3
Spellcasting   | 5 |  5.2
Invocations    | 1 |  1.6
Fighting       | 1 |  1.4
Short Blades   | 1 |  1.4
Long Blades    | 1 |  1.4
Axes           | 1 |  1.4
Maces & Flails | 1 |  1.4
Polearms       | 1 |  1.4
Staves         | 1 |  1.4
Slings         | 1 |  1.4
Bows           | 1 |  1.4
Crossbows      | 1 |  1.4
Throwing       | 1 |  1.4
Armour         | 1 |  1.4
Shields        | 1 |  1.4
Unarmed Combat | 1 |  1.4
Evocations     | 1 |  1.4
Hexes          | 1 |  1.1
Summonings     | 1 |  1.1
Necromancy     | 1 |  1.1
Translocations | 1 |  1.1
Transmutations | 1 |  1.1
Fire Magic     | 1 |  1.1
Ice Magic      | 1 |  1.1
Earth Magic    | 1 |  1.1
Poison Magic   | 1 |  1.1
Dodging        | |  4.7
Stealth        | |  4.4
Air Magic      | |  5.5

Action                   |  1- 3 |  4- 6 || total
-------------------------+-------+-------++-------
Melee: Unarmed           |     1 |       ||     1
 Cast: Shock             |    80 |    22 ||   102
       Static Discharge  |       |    10 ||    10
Dodge: Dodged            |     7 |     3 ||    10

Levels and vault maps discovered:
D:1:      dpeg_arrival_line_fractal, layout_basic,
          shapermc_ecumenical_altar_mp_ritualfount
D:2:      wad_crossroads, layout_loops_ring, minmay_between,
          uniq_crazy_yiuf_cottage, uniq_natasha

Notes
Turn   | Place    | Note
-------+----------+-------------------------------------------
     0 | D:1      | browni3141 the Gnoll Air Elementalist began the quest for
                  | the Orb.
     0 | D:1      | Reached XP level 1. HP: 13/13 MP: 6/6
   118 | D:1      | Reached skill level 2 in Conjurations
   198 | D:1      | Reached XP level 2. HP: 20/20 MP: 2/7
   436 | D:1      | Found a faded altar of an unknown god.
   654 | D:1      | Reached XP level 3. HP: 25/25 MP: 6/9
   658 | D:1      | Reached skill level 5 in Spellcasting
  1060 | D:1      | Reached skill level 1 in Invocations
  1586 | D:2      | Learned a level 2 spell: Static Discharge
  1590 | D:2      | Learned a level 3 spell: Swiftness
  1731 | D:2      | Reached skill level 1 in Fighting
  1731 | D:2      | Reached skill level 1 in Short Blades
  1731 | D:2      | Reached skill level 1 in Long Blades
  1731 | D:2      | Reached skill level 1 in Axes
  1731 | D:2      | Reached skill level 1 in Maces & Flails
  1731 | D:2      | Reached skill level 1 in Polearms
  1731 | D:2      | Reached skill level 1 in Staves
  1731 | D:2      | Reached skill level 1 in Slings
  1731 | D:2      | Reached skill level 1 in Bows
  1731 | D:2      | Reached skill level 1 in Crossbows
  1731 | D:2      | Reached skill level 1 in Throwing
  1731 | D:2      | Reached skill level 1 in Armour
  1731 | D:2      | Reached skill level 1 in Shields
  1731 | D:2      | Reached skill level 1 in Unarmed Combat
  1731 | D:2      | Reached skill level 1 in Evocations
  1731 | D:2      | Reached XP level 4. HP: 32/32 MP: 6/11
  1731 | D:2      | Noticed Natasha
  1736 | D:2      | Killed Natasha
  1854 | D:2      | Reached skill level 1 in Hexes
  1854 | D:2      | Reached skill level 1 in Summonings
  1854 | D:2      | Reached skill level 1 in Necromancy
  1854 | D:2      | Reached skill level 1 in Translocations
  1854 | D:2      | Reached skill level 1 in Transmutations
  1854 | D:2      | Reached skill level 1 in Fire Magic
  1854 | D:2      | Reached skill level 1 in Ice Magic
  1854 | D:2      | Reached skill level 1 in Earth Magic
  1854 | D:2      | Reached skill level 1 in Poison Magic
  2203 | D:2      | Found a runed translucent door.
  2204 | D:2      | Noticed Crazy Yiuf
  2276 | D:2      | Noticed Natasha
  2347 | D:2      | Killed Natasha
  2348 | D:2      | Reached XP level 5. HP: 31/37 MP: 4/12
  2439 | D:2      | Noticed Natasha
  2445 | D:2      | Killed Natasha
  2659 | D:2      | HP: 3/37 [/static electricity (3)]
  2659 | D:2      | Slain by Crazy Yiuf

Vanquished Creatures
  Natasha (thrice) (D:2)
  An adder (D:2)
  A worm (D:2)
  2 dart slugs (D:1)
  3 ball pythons (D:1)
  4 bats
  6 endoplasms (D:1)
  A giant cockroach (D:1)
  4 goblins (D:1)
  5 hobgoblins
  4 jackals (D:1)
  3 quokkas
  8 frilled lizards
  2 kobolds
  4 rats
51 creatures vanquished.

Vanquished Creatures (others)
  A fungus (D:1)
  A plant (D:1)
2 creatures vanquished.

Grand Total: 53 creatures vanquished

Table legend: (Time is in decaauts)
 A = Elapsed time spent in this place.
 B = Non-inter-level travel time spent in this place.
 C = Inter-level travel time spent in this place.
 D = Time resting spent in this place.
 E = Time spent auto-exploring this place.
 F = Levels seen in this place.
 G = Mean time per level.
                   A        B        C        D        E       F      G
               +--------+--------+--------+--------+--------+-----+--------+
         Total |   2668 |   2606 |     62 |     48 |   2300 |   2 | 1334.0 |
       Dungeon |   2668 |   2606 |     62 |     48 |   2300 |   2 | 1334.0 |
               +--------+--------+--------+--------+--------+-----+--------+

Top non-repeatable levels by time:
     D:1: 1482 daAuts
     D:2: 1186 daAuts

Table legend:
 A = Non-vault XP
 B = Vault XP
 C = Vault XP percentage of total XP
 D = Non-vault monster count
 E = Vault monster count
 F = Vault count percentage of total count
                 A         B        C        D         E       F
            +---------+---------+-------+---------+---------+-------
      Total |     145 |      59 |  28.9 |      42 |       9 |  17.6
            +---------+---------+-------+---------+---------+-------
        D:1 |      60 |       0 |   0.0 |      32 |       0 |   0.0
        D:2 |      85 |      59 |  41.0 |      10 |       9 |  47.4
            +---------+---------+-------+---------+---------+-------
